 Dungeon Crawl Stone Soup version 0.28.0-53-g5a82cb258f (webtiles) character file.

Game seed: 17038649469171460649

9355 Duralumin the Severer (level 11, -13/79 HPs)
             Began as a Formicid Fighter on June 13, 2022.
             Was a Believer of Okawaru.
             Mangled by a komodo dragon (23 damage)
             ... on level 2 of the Lair of Beasts.
             The game lasted 00:46:21 (13527 turns).

Duralumin the Severer (Formicid Fighter)           Turns: 13527, Time: 00:46:22

Health: -13/79     AC: 17    Str: 25    XL:     11   Next: 72%
Magic:  0/11       EV:  8    Int:  8    God:    Okawaru [**....]
Gold:   542        SH:  6    Dex: 10    Spells: 10/10 levels left

rFire   . . .      SeeInvis +   a - +1 war axe (vorpal)
rCold   . . .      Faith    .   c - +0 buckler
rNeg    . . .      Spirit   +   t - +0 plate armour
rPois   .          Reflect  .   (helmet unavailable)
rElec   .          Harm     .   (no cloak)
rCorr   .          Rampage  .   (no gloves)
Will    +....                   p - +1 pair of boots
Stlth   ..........              k - amulet of guardian spirit
HPRegen 0.23/turn               (no ring)
MPRegen 0.12/turn               (no ring)

@: heroic
A: permanent stasis, dig shafts and tunnels, antennae 3, four strong arms
a: Dig, Shaft Self, Renounce Religion, Heroism


You were on level 2 of the Lair of Beasts.
You worshipped Okawaru.
Okawaru was pleased with you.
You visited 3 branches of the dungeon, and saw 12 of its levels.

You collected 542 gold pieces.

Inventory:

Hand Weapons
 a - a +1 vorpal war axe (weapon)
 s - a +0 battleaxe
 v - a +4 flail of freezing
 w - a +3 battleaxe
 x - a +2 battleaxe of distortion
Missiles
 e - 234 stones (quivered)
 n - 15 poisoned darts
 r - 2 curare-tipped darts
 C - 2 boomerangs of dispersal
Armour
 b - a +0 scale mail
 c - a +0 buckler (worn)
 d - a +2 ring mail of cold resistance
 h - a +0 chain mail
 p - a +1 pair of boots (worn)
 t - a +0 plate armour (worn)
 u - a scarf of shadows
Jewellery
 k - an amulet of guardian spirit (around neck)
Wands
 i - a wand of paralysis (13)
 o - a wand of polymorph (7)
 y - a wand of acid (10)
 B - a wand of flame (7)
Scrolls
 f - a scroll of magic mapping
 A - a scroll of enchant weapon
Potions
 g - 3 potions of brilliance
 j - a potion of resistance
 l - a potion of ambrosia
 m - 5 potions of curing
 z - a potion of mutation


   Skills:
 + Level 5.1(10.1) Fighting
 - Level 16.2(21.2) Axes
 + Level 5.2(10.2) Armour
 + Level 5.7(10.7) Shields


You had 10 spell levels left.
You didn't know any spells.
Your spell library contained the following spells:

 Spells                   Type           Power      Damage    Failure   Level
 Apportation              Tloc           0%         N/A       99%         1
 Magic Dart               Conj           0%         1d3       99%         1
 Sting                    Tmut/Pois      0%         1d3       99%         1
 Poisonous Vapours        Pois/Air       0%         N/A       100%        2
 Searing Ray              Conj           0%         2d4       100%        2
 Fulminant Prism          Conj/Hex       0%         3d6       100%        4
 Hailstorm                Conj/Ice       0%         3d3       100%        4
 Ice Form                 Ice/Tmut       0%         N/A       100%        4
 Iskenderun's Mystic Bla  Conj/Tloc      0%         2d3       100%        4
 Olgreb's Toxic Radiance  Pois           0%         N/A       100%        4
 Alistair's Intoxication  Tmut/Pois      0%         N/A       100%        5
 Lee's Rapid Deconstruct  Erth           0%         3d5*      100%        5
 Summon Small Mammal      Summ           Unusable   N/A       N/A         1
 Call Canine Familiar     Summ           Unusable   N/A       N/A         3
 Summon Guardian Golem    Hex/Summ       Unusable   N/A       N/A         3
 Simulacrum               Ice/Necr       Unusable   N/A       N/A         6

Dungeon Overview and Level Annotations

Branches:
Dungeon (9/15)             Temple (1/1) D:7            Lair (2/6) D:8
  Swamp: Lair:2-4    Shoals: Lair:2-4     Snake: Lair:2-4    Spider: Lair:2-4
    Orc: D:9-12

Altars:
Ashenzari
Cheibriados
Dithmenos
Elyvilon
Fedhas
Gozag
Hepliaklqana
Kikubaaqudgha
Makhleb
Nemelex Xobeh
Okawaru
Qazlal
Ru
Sif Muna
Trog
Uskayaw
Vehumet
Wu Jian
Xom
Yredelemnul
Zin
The Shining One

Shops:
D:4 [

Annotations:
D:4 2 runed translucent doors, kalagan's ghost, amateur DECj
D:8 exclusion: 4 doors


Innate Abilities, Weirdness & Mutations

You cannot be hasted, slowed, berserked, paralysed or teleported.
You can dig through walls and to a lower floor.
You have a pair of large antennae on your head. (SInv)
Your four strong arms can wield two-handed weapons with a shield.


Message History

The blink frog is moderately wounded.
The blink frog closely misses you.
You closely miss the komodo dragon. You closely miss the blink frog.
The blink frog hits you but does no damage.
The komodo dragon bites you but does no damage.
The blink frog hits you but does no damage.
You slash the blink frog!
The blink frog is severely wounded.
You barely miss the komodo dragon. You block the komodo dragon's attack.
The blink frog blinks!
You hit the komodo dragon.
The komodo dragon is lightly wounded.
The blink frog blinks!
You slice the komodo dragon!!
The komodo dragon is severely wounded.
You block the komodo dragon's attack.
You hit the komodo dragon but do no damage.
The komodo dragon is severely wounded.
You hit the blink frog. The komodo dragon bites you.
The blink frog barely misses you.
You barely miss the komodo dragon.
The komodo dragon is severely wounded.
You miss the blink frog. You block the blink frog's attack.
The komodo dragon bites you!!
* * * LOW HITPOINT WARNING * * *
You gain the combat prowess of a mighty hero.
The blink frog hits you!
* * * LOW HITPOINT WARNING * * *
The blink frog blinks! x2; The komodo dragon barely misses you.
You feel better. The komodo dragon bites you.
* * * LOW HITPOINT WARNING * * *
You closely miss the komodo dragon.
The komodo dragon is severely wounded.
The blink frog blinks! x2
The blink frog hits you but does no damage.
You closely miss the komodo dragon.
The komodo dragon is severely wounded.
You slash the blink frog!
Something hits the plant.
The plant begins to die.
The komodo dragon bites you!!
You die...

,,**,,,,,***,,,,,,,,,*,,**,,,⌠,**
,,,,,,,,,,,,,,,,.......,,*,,,,,,*
,,,,,,,,,,,,,,,,,.....,.,#...,,,,
,,***,,,,,,,,,,*,....#.,#....,,,,
,,* *,,,,.,,,,***#....##..l.,,,,,
,,***,,,,...,,####§.#*....#*,,,**
,*,,,,,,,....##.#...##F..#*,,⌠,,*
,,,,,,,,,...........#...)#*,,,,,*
,,,,,,,,,.......@l..#...#**,,,,,*
,,,,*****.....#F†.#..<.⌠# *,,>,,*
**,,,* *..#**#....##...# *,,,,,*
*,,,* *,,* #....###..#***,,,,*
*,,*****,,***##[§##**...#**,⌠,**
**,,,,**,,,,*,{P...**,#....,,,,**
,,,,,,,,,,,,,......,,,*#?...,,,,,
,,,,,,,,,,,,........,,,,.....,,,,
,,,,,,,,,,,,.....,,,,,,,##...,,,,


You could see a komodo dragon and a blink frog.

Vanquished Creatures
  A black mamba (Lair:1)
  A cane toad (Lair:1)
  A kobold demonologist (D:6)
  Psyche (D:8)
  Prince Ribbit (D:8)
  Grinder (D:5)
  6 blink frogs
  A wyvern (Lair:1)
  11 yaks
  Duvessa (D:6)
  3 water moccasins (Lair:1)
  3 orc warriors
  2 necrophages
  An ice beast (D:6)
  11 ogres
  2 centaurs
  A phantom (D:6)
  3 kobold brigands
  2 bullfrogs
  A wyvern zombie (D:6)
  A gnoll sergeant (D:8)
  A scorpion (D:5)
  Dowan (D:6)
  A water moccasin skeleton (D:6)
  11 wights
  A killer bee (D:6)
  An electric eel (D:6)
  6 howler monkeys (D:6)
  A bullfrog zombie (D:7)
  A centaur skeleton (D:5)
  10 orc priests
  3 gnoll shamans (D:6)
  11 hounds
  A jelly (D:7)
  A bullfrog skeleton (D:6)
  Jessica (D:2)
  2 iguanas
  12 orc wizards
  A howler monkey zombie (D:7)
  18 gnolls
  6 adders
  A shadow imp (D:8)
  2 white imps
  An ufetubus (D:5)
  An adder zombie (D:5)
  29 orcs
  5 endoplasms
  2 giant cockroaches
  6 goblins
  6 hobgoblins
  4 jackals (D:5)
  A quokka (D:4)
  3 ball pythons
  3 bats
  2 frilled lizards
  12 kobolds
  2 rats (D:4)
225 creatures vanquished.

Vanquished Creatures (others)
  5 fungi
  14 plants
19 creatures vanquished.

Grand Total: 244 creatures vanquished

Notes
Turn   | Place    | Note
-------+----------+-------------------------------------------
     0 | D:1      | Duralumin the Formicid Fighter began the quest for the Orb.
     0 | D:1      | Reached XP level 1. HP: 18/18 MP: 1/1
   224 | D:1      | Reached XP level 2. HP: 22/23 MP: 2/2
   959 | D:1      | Found a faded altar of an unknown god.
  1202 | D:2      | Reached XP level 3. HP: 25/29 MP: 3/3
  1451 | D:2      | Found a bloodstained altar of Trog.
  1455 | D:2      | Identified the +4 helmet of Jueqana {rElec Str-3 Dex+4}
  1696 | D:2      | Noticed Jessica
  1700 | D:2      | Killed Jessica
  1701 | D:2      | Reached XP level 4. HP: 37/37 MP: 4/4
  2105 | D:3      | Reached skill level 3 in Axes
  2286 | D:3      | Reached XP level 5. HP: 40/42 MP: 5/5
  2583 | D:4      | Reached skill level 4 in Axes
  2624 | D:4      | Noticed an ogre
  2644 | D:3      | Killed an ogre
  2645 | D:3      | Reached skill level 5 in Axes
  2645 | D:3      | Reached XP level 6. HP: 17/48 MP: 3/6
  3084 | D:4      | Found a runed translucent door.
  3085 | D:4      | Noticed kalagan's ghost (amateur DECj)
  3186 | D:4      | Found a runed translucent door.
  3678 | D:4      | Found a bloodstained altar of Trog.
  3712 | D:4      | Found Focoiqua's Armour Emporium.
  3843 | D:4      | Reached XP level 7. HP: 35/53 MP: 5/7
  4056 | D:4      | Reached skill level 6 in Axes
  4250 | D:5      | Entered Level 5 of the Dungeon
  4351 | D:5      | Noticed Grinder
  4475 | D:5      | Killed Grinder
  4476 | D:5      | Reached skill level 7 in Axes
  4510 | D:5      | Reached XP level 8. HP: 59/60 MP: 8/8
  4707 | D:5      | Reached skill level 8 in Axes
  5825 | D:6      | Reached skill level 9 in Axes
  5825 | D:6      | Noticed Duvessa
  5826 | D:6      | Noticed Dowan
  5845 | D:6      | Killed Duvessa
  5848 | D:6      | Killed Dowan
  6092 | D:6      | Reached skill level 10 in Axes
  6092 | D:6      | Reached XP level 9. HP: 58/65 MP: 7/9
  6593 | D:6      | You fall into a shaft and drop 1 floor!
  7249 | D:6      | Reached skill level 11 in Axes
  7575 | D:6      | Noticed a kobold demonologist
  7605 | D:6      | Killed a kobold demonologist
  7606 | D:6      | Reached skill level 12 in Axes
  7846 | D:6      | Reached XP level 10. HP: 37/71 MP: 7/10
  7989 | D:6      | Reached skill level 13 in Axes
  9473 | D:7      | Reached skill level 14 in Axes
 10192 | D:7      | Found a staircase to the Ecumenical Temple.
 10242 | Temple   | Entered the Ecumenical Temple
 10281 | Temple   | Became a worshipper of Warmaster Okawaru
 10776 | D:8      | Noticed Psyche
 10783 | D:8      | Killed Psyche
 10784 | D:8      | Reached skill level 15 in Axes
 10797 | D:7      | Reached XP level 11. HP: 73/74 MP: 8/11
 10915 | D:8      | Found a staircase to the Lair.
 11035 | D:8      | Noticed an eight-headed hydra
 11344 | D:8      | Noticed Prince Ribbit
 11357 | D:8      | Killed Prince Ribbit
 11371 | D:8      | Reached * piety under Okawaru
 11525 | D:8      | Reached skill level 16 in Axes
 12060 | Lair:1   | Entered Level 1 of the Lair of Beasts
 12484 | Lair:1   | Reached ** piety under Okawaru
 12485 | Lair:1   | Reached skill level 5 in Shields
 12882 | Lair:1   | Reached skill level 5 in Armour
 13498 | Lair:2   | Reached skill level 5 in Fighting
 13527 | Lair:2   | Mangled by a komodo dragon

Illustrated notes

Levels and vault maps discovered:
D:1:      matt_arrival_diagonals, layout_loops_ring,
          shapermc_ecumenical_altar_mp_vishouse
D:2:      layout_loops_ring, basic_altar, uniq_jessica
D:3:      layout_rooms
D:4:      layout_loops_ring, trog_butcher_becter, serial_shops,
          nicolae_shop_crystal, ebering_ghost_sewer_f
D:5:      layout_gridville, uniq_grinder
D:6:      lemuel_castle_with_subvaults [lemuel_castle_interior_original],
          layout_loops_cross, amcnicky_mini_pool_medium, uniq_duvessa
D:7:      layout_loops_ring, minmay_temple_entry_overgrown
D:8:      layout_basic, dpeg_oklobed_lair, hex_medium, minmay_misc_feat_square,
          kennysheep_generic_room_3, uniq_psyche, uniq_prince_ribbit1
D:9:      layout_irregular_city, david_orc_4, jiyva_altar_1, uniq_erolcha
Temple:   kilobyte_greek_temple
Lair:1:   layout_concentric_octagons
Lair:2:   layout_small_grid, gauntlet_entry_generic, grunt_megastairs_5

Skill      XL: |  1  2  3  4  5  6  7  8  9 10 11 |
---------------+----------------------------------+-----
Shields        | 4 5 |  5.7
Armour         | 4 5 |  5.2
Axes           | 3 5 7 10 12 15 16 | 16.2
Fighting       | 5 |  5.1

Action                   |  1- 3 |  4- 6 |  7- 9 | 10-12 || total
-------------------------+-------+-------+-------+-------++-------
Melee: War axe           |    53 |   144 |   317 |   380 ||   894
Throw: Dart              |       |     9 |    28 |    22 ||    59
       Stone             |       |       |     4 |     1 ||     5
Invok: Heroism           |       |       |       |     5 ||     5
 Abil: Shaft Self        |       |       |     1 |       ||     1
       Dig               |       |       |       |     1 ||     1
Evoke: Wand              |       |       |       |     1 ||     1
  Use: Potion            |       |     1 |     9 |     2 ||    12
       Scroll            |       |     2 |     4 |     8 ||    14
 Stab: Paralysed         |       |       |       |     2 ||     2
Armor: Scale mail        |    25 |    48 |    37 |       ||   110
       Skin              |       |       |     8 |       ||     8
       Chain mail        |       |       |   104 |       ||   104
       Plate armour      |       |       |       |   103 ||   103
Dodge: Dodged            |    18 |    65 |   114 |    76 ||   273
Block: Buckler           |    13 |    38 |    64 |    39 ||   154
